 Dungeon Sprint DCSS version 0.30-a0-304-gdc4b735fe1 (webtiles) character file.

Game seed: 11234666264845370618

702 Low2 the Spear-Bearer (level 7, -3/66 HPs)
             Began as a Minotaur Gladiator on Oct 20, 2022.
             Was an Initiate of Makhleb.
             Slain by a sun demon (10 damage)
             ... summoned by a kobold demonologist
             ... in the Dungeon (Sprint I: "Red Sonja").
             The game lasted 00:04:28 (405 turns).

Low2 the Spear-Bearer (Minotaur Gladiator)           Turns: 405, Time: 00:04:29

Health: -3/66      AC:  0    Str: 20    XL:     7   Next: 38%
Magic:  6/6        EV: 15    Int:  5    God:    Makhleb [......]
Gold:   3          SH:  0    Dex: 12    Spells: 6/6 levels left

rFire   . . .      SeeInvis .    a - +0 trident
rCold   . . .      Faith    .    (no shield)
rNeg    . . .      Spirit   .    b - +0 leather armour
rPois   .          Reflect  .    c - +0 hat
rElec   .          Harm     .    (no cloak)
rCorr   .          Rampage  .    (no gloves)
Will    .....      NoTele   +    (no boots)
Stlth   ++........               (no amulet)
HPRegen 0.31/turn                (no ring)
MPRegen 0.10/turn                (no ring)

@: corroded, flying, hasted, very quick
A: horns 2, retaliatory headbutt
a: Renounce Religion


You were in the Dungeon.
You worshipped Makhleb.
Makhleb was noncommittal.
You visited 1 branch You collected 417 gold pieces.
You spent 414 gold pieces at shops.

Inventory:

Hand Weapons
 a - a +0 trident (weapon)
Armour
 b - a +0 leather armour (worn)
 c - a +0 hat (worn)
Potions
 i - 2 potions of magic
 j - a potion of berserk rage


   Skills:
 + Level 7.4 Fighting
 + Level 12.6 Polearms
 + Level 6.1 Throwing
 + Level 2.3 Armour
 + Level 10.0 Dodging
 + Level 2.9 Stealth


You had 6 spell levels left.
You didn't know any spells.
Your spell library was empty.

Dungeon Overview and Level Annotations

Branches:
Dungeon (1/1)

Altars:
Cheibriados
Dithmenos
Elyvilon
Fedhas
Gozag
Hepliaklqana
Kikubaaqudgha
Makhleb
Nemelex Xobeh
Okawaru
Qazlal
Ru
Sif Muna
Trog
Uskayaw
Vehumet
Wu Jian
Xom
Yredelemnul
Zin
The Shining One
Jiyva
Lugonu

Shops:
D *


Innate Abilities, Weirdness & Mutations

You have a pair of horns on your head.
You reflexively headbutt those who attack you in melee.


Message History

Aim: a sun demon (purple smoke, summoned)
Okay, then.
There is an open door, spattered with blood here.
You feel as though your hastened speed will last longer.
The kobold demonologist casts a spell.
The kobold demonologist casts a spell.
Aiming: Iceblast
Press: ? - help, Q - select action Shift-Dir - straight line That beam is likely to hit you.
Continue anyway?
Okay, then.
Aiming: Iceblast
Press: ? - help, Q - select action Shift-Dir - straight line That beam is likely to hit you.
Continue anyway?
The mass of ice explodes!
The iceblast engulfs the sun demon but does no damage.
The iceblast engulfs you!
The white imp shouts, "Scamper home, thou bawdy clay-brained calf-wit!"
The kobold demonologist looks braver for a moment.
There is an entrance to Kurouvie's Assorted Antiques here.
Aiming: Iceblast
Press: ? - help, Q - select action Shift-Dir - straight line The mass of ice explodes!
The iceblast engulfs the sun demon but does no damage.
The sun demon closely misses you. You furiously retaliate!
You headbutt the sun demon, but do no damage.
The kobold demonologist casts a cantrip, but nothing happens.
Aiming: Iceblast
Press: ? - help, Q - select action Shift-Dir - straight line, f - sixfirhy
Aim: a sixfirhy (summoned)
The mass of ice explodes!
The iceblast engulfs the sixfirhy!
The sixfirhy is moderately wounded.
The iceblast engulfs the sun demon!
The sun demon is frozen!
The sun demon is lightly wounded.
The iceblast engulfs the rust devil!
The rust devil partially resists.
The rust devil is moderately wounded.
The now-empty wand crumbles to dust.
The sun demon hits you!
* * * LOW HITPOINT WARNING * * *
You are engulfed in flames!
You die...

#######################
#<.#..)..#..'..#_5#5.'.
#..').#..').#4.'..'K.#.
#..#####'#####'#§5####
#..####..#...#K####?)
#..#__####..##)#~§§§c
#..#_____##5#K.§~§§..
#⌠⌠#_.@3.4'K5._#
####_.._3##_.#'#
#_____###+#)# #######
###


You could see a sun demon (summoned), a rust devil (summoned), 2 kobold
demonologists, a sixfirhy (summoned), a white imp (summoned) and a shadow imp
(summoned).

Vanquished Creatures
  A slime creature (D)
  Sigmund (D)
  A yak (D)
  A floating eye (D)
  An ogre (D)
  A jelly (D)
  Ijyb (D)
7 creatures vanquished.

Notes
Turn   | Place    | Note
-------+----------+-------------------------------------------
     0 | D        | Low2 the Minotaur Gladiator began the quest for the Orb.
     0 | D        | Reached XP level 1. HP: 18/18 MP: 0/0
     2 | D        | Noticed Ijyb
    11 | D        | Killed Ijyb
    12 | D        | Reached skill level 5 in Polearms
    12 | D        | Reached XP level 2. HP: 26/26 MP: 1/1
    16 | D        | Noticed an ogre
    22 | D        | Killed an ogre
    23 | D        | Reached skill level 8 in Polearms
    23 | D        | Reached XP level 3. HP: 34/34 MP: 2/2
    23 | D        | Reached XP level 4. HP: 41/41 MP: 3/3
    37 | D        | Noticed Sigmund
    44 | D        | Killed Sigmund
    45 | D        | Reached skill level 5 in Fighting
    45 | D        | Reached skill level 10 in Polearms
    45 | D        | Reached skill level 1 in Stealth
    45 | D        | Reached XP level 5. HP: 40/49 MP: 4/4
    89 | D        | Found an ornate altar of the Wu Jian Council.
    89 | D        | Found a shimmering blue altar of Sif Muna.
    92 | D        | Reached XP level 6. HP: 57/57 MP: 5/5
    92 | D        | Found a radiant altar of Vehumet.
   124 | D        | Found Kurouvie's Assorted Antiques.
   124 | D        | Found an ancient bone altar of Kikubaaqudgha.
   124 | D        | Found a hazy altar of Hepliaklqana.
   124 | D        | Found a stormy altar of Qazlal.
   124 | D        | Found a hide-covered altar of Uskayaw.
   124 | D        | Found a blossoming altar of Fedhas.
   124 | D        | Found a bloodstained altar of Trog.
   124 | D        | Found an iron altar of Okawaru.
   124 | D        | Found a basalt altar of Yredelemnul.
   124 | D        | Found a glowing golden altar of the Shining One.
   124 | D        | Found a snail-covered altar of Cheibriados.
   124 | D        | Found a sacrificial altar of Ru.
   124 | D        | Found a glowing silver altar of Zin.
   124 | D        | Found a shadowy altar of Dithmenos.
   124 | D        | Found a white marble altar of Elyvilon.
   124 | D        | Noticed a yak
   128 | D        | Killed a yak
   129 | D        | Reached skill level 11 in Polearms
   129 | D        | Reached skill level 5 in Throwing
   159 | D        | Found a burning altar of Makhleb.
   159 | D        | Found a viscous altar of Jiyva.
   159 | D        | Found a shimmering altar of Xom.
   159 | D        | Found a corrupted altar of Lugonu.
   159 | D        | Noticed a slime creature
   173 | D        | Killed a slime creature
   174 | D        | Reached skill level 12 in Polearms
   174 | D        | Reached skill level 1 in Armour
   174 | D        | Reached XP level 7. HP: 30/66 MP: 6/6
   308 | D        | Became a worshipper of Makhleb the Destroyer
   320 | D        | Found an opulent altar of Gozag.
   321 | D        | Found a sparkling altar of Nemelex Xobeh.
   330 | D        | Bought a scroll labelled GUCEPT ZEDEPEH for 23 gold pieces
   330 | D        | Bought a potion of haste for 230 gold pieces
   330 | D        | Bought a scroll labelled HEOCIC QYINGUFI for 23 gold pieces
   330 | D        | Bought 2 potions of curing for 138 gold pieces
   354 | D        | Noticed a kobold demonologist
   354 | D        | Noticed a kobold demonologist
   355 | D        | Paralysed by a floating eye for 2 turns
   356 | D        | Noticed a rust devil
   360 | D        | Paralysed by a floating eye for 2 turns
   365 | D        | Paralysed by a floating eye for 3 turns
   371 | D        | Noticed a soul eater
   373 | D        | Reached skill level 10 in Dodging
   377 | D        | Acquired the +9 staff of Wucad Mu {*channel}
   377 | D        | Found the +9 staff of Wucad Mu {*channel}
   378 | D        | Noticed a rust devil
   393 | D        | Noticed a centaur warrior
   394 | D        | Noticed a sun demon
   400 | D        | Noticed a sixfirhy
   405 | D        | Slain by a sun demon

Illustrated notes

Levels and vault maps discovered:
D:        dungeon_sprint_1 [red_sonja_temple_1, red_sonja_temple_small_1]

Skill      XL: |  1  2  3  4  5  6  7 |
---------------+----------------------+-----
Fighting       | 3 4 5 7 |  7.4
Polearms       | 5 8 10 12 | 12.6
Dodging        | 4 6 8 9 10 | 10.0
Throwing       | 3 4 5 6 |  6.1
Stealth        | 1 2 |  2.9
Armour         | 1 2 |  2.3

Action                   |  1- 3 |  4- 6 |  7- 9 || total
-------------------------+-------+-------+-------++-------
Melee: Trident           |    11 |    20 |     9 ||    40
       Headbutt          |     3 |     5 |     1 ||     9
Throw: Throwing net      |     3 |     1 |       ||     4
       Javelin           |       |     2 |     1 ||     3
Evoke: Wand              |       |       |     7 ||     7
  Use: Potion            |       |     1 |     6 ||     7
       Scroll            |       |       |     3 ||     3
 Stab: Held in net/web   |       |     2 |       ||     2
Armor: Leather armour    |       |     3 |       ||     3
Dodge: Dodged            |     1 |     7 |     4 ||    12

Table legend: (Time is in decaauts)
 A = Elapsed time spent in this place.
 B = Non-inter-level travel time spent in this place.
 C = Inter-level travel time spent in this place.
 D = Time resting spent in this place.
 E = Time spent auto-exploring this place.
 F = Levels seen in this place.
 G = Mean time per level.
                   A        B        C        D        E       F      G
               +--------+--------+--------+--------+--------+-----+--------+
         Total |    387 |    387 |      0 |    165 |      0 |   1 |  387.0 |
       Dungeon |    387 |    387 |      0 |    165 |      0 |   1 |  387.0 |
               +--------+--------+--------+--------+--------+-----+--------+

Top non-repeatable levels by time:
       D: 387 daAuts
